 Dungeon Crawl Stone Soup version 0.26.1-11-gd32895ea62 (webtiles) character file.

Game seed: 3987211436118954442

137 Zeld the Chopper (level 5, -1/70 HPs)
             Began as a Hill Orc Monk on June 11, 2021.
             Slain by a river rat (3 damage)
             ... on level 3 of the Dungeon.
             The game lasted 00:05:53 (3383 turns).

Zeld the Chopper (Hill Orc Monk)                    Turns: 3383, Time: 00:05:53

Health: -1/70      AC: 22    Str: 15    XL:     5   Next: 20%
Magic:  5/5        EV:  2    Int: 10    God:
Gold:   96         SH:  0    Dex: 13    Spells: 4/4 levels left

rFire    . . .     SeeInvis .   a - +0 hand axe
rCold    . . .     Faith    .   (no shield)
rNeg     + + +     Spirit   .   (armour currently unavailable)
rPois    +         Reflect  .   (helmet currently unavailable)
rElec    .         Harm     .   (cloak currently unavailable)
rCorr    .         Rampage  .   (gloves currently unavailable)
Will     .....     NoTele   +   (boots currently unavailable)
Stlth    ++........             (no amulet)
HPRegen  0.21/turn              (no ring)
MPRegen  0.09/turn              (no ring)

@: tree-form, hasted, very quick
A: no striking features
a: no special abilities


You were on level 3 of the Dungeon.
You were a tree.
You visited 1 branch of the dungeon, and saw 3 of its levels.

You collected 96 gold pieces.

Inventory:

Hand Weapons
 a - a +0 hand axe (weapon)
Armour
 b - a +0 robe (melded)
 d - a +0 cloak (melded)
Jewellery
 e - an uncursed ring of ice {unknown}
Scrolls
 f - a scroll of fog {unknown}
 g - 2 scrolls of magic mapping {unknown}
 h - a scroll of amnesia {unknown}
 i - a scroll of remove curse {unknown}
 j - a scroll of teleportation {unknown}
 k - a scroll of noise {unknown}


   Skills:
 + Level 4.4 Fighting
 * Level 5.7 Axes
 + Level 3.0 Dodging
 + Level 2.5 Stealth


You had 4 spell levels left.
You didn't know any spells.
Your spell library was empty.

Dungeon Overview and Level Annotations

Branches:
Dungeon (3/15)

Altars:
Elyvilon
Ru
Trog
Uskayaw
Vehumet
Xom


Message History

You closely miss the river rat.
The river rat is heavily wounded.
The river rat bites you.
* * * LOW HITPOINT WARNING * * *
Unknown command.
It was a potion of haste.
You feel yourself speed up. The river rat barely misses you.
It was a potion of lignification.
You turn into a tree.
Your +0 cloak melds into your body.
Your +0 robe melds into your body.
Your roots penetrate the ground.
The river rat bites you but does no damage.
You closely miss the river rat.
The river rat is heavily wounded.
The river rat bites you but does no damage.
You hit the river rat.
The river rat is heavily wounded.
You closely miss the river rat.
The river rat is heavily wounded.
The river rat bites you.
You die...

#.....#.#...#........#
#.....#.#.###........#
#.....^.... +........####
#######.....#............
#.....#.....####.##
#.....#...+##≈≈### #...
#...#B≈≈≈≈≈+ #.[.#rl≈≈≈≈+
#...♣##≈≈### ####..# ##
##... ####


You could see a river rat, a leopard gecko and a giant cockroach.

Vanquished Creatures
  Crazy Yiuf (D:2)
  4 adders (D:2)
  A gnoll (D:1)
  A worm (D:2)
  A dart slug (D:1)
  3 leopard geckos (D:1)
  3 giant cockroaches
  6 goblins
  7 hobgoblins
  2 jackals (D:2)
  A quokka (D:2)
  7 bats
  6 frilled lizards
  10 kobolds
  3 rats (D:1)
56 creatures vanquished.

Notes
Turn   | Place    | Note
-------+----------+-------------------------------------------
     0 | D:1      | Zeld the Hill Orc Monk began the quest for the Orb.
     0 | D:1      | Reached XP level 1. HP: 19/19 MP: 1/1
   231 | D:1      | Reached XP level 2. HP: 27/27 MP: 2/2
   627 | D:1      | Reached XP level 3. HP: 30/33 MP: 3/3
  1253 | D:2      | Reached skill level 5 in Axes
  1504 | D:2      | Reached XP level 4. HP: 20/40 MP: 4/4
  1753 | D:2      | Noticed a +0 dagger
  1758 | D:2      | Found a hide-covered altar of Uskayaw.
  1758 | D:2      | Noticed a +0 dagger
  2249 | D:2      | Found a white marble altar of Elyvilon.
  2808 | D:2      | Found a radiant altar of Vehumet.
  2870 | D:2      | Found a runed translucent door.
  2871 | D:2      | Noticed Crazy Yiuf
  2970 | D:2      | Found a bloodstained altar of Trog.
  2970 | D:2      | Found a sacrificial altar of Ru.
  2971 | D:2      | Found a shimmering altar of Xom.
  3106 | D:2      | Killed Crazy Yiuf
  3107 | D:2      | Reached XP level 5. HP: 32/47 MP: 5/5
  3378 | D:3      | HP: 1/47 [river rat (6)]
  3383 | D:3      | Slain by a river rat

Illustrated notes

Levels and vault maps discovered:
D:1:      dpeg_arrival_round_a, layout_basic
D:2:      layout_loops_cross, dancing_weapons_uskayaw,
          gammafunk_temple_overflow_claw, nicolae_overflow_crystal_walls,
          elyvilon_altar_5, uniq_crazy_yiuf_cottage
D:3:      layout_basic, gup_sewer_entry_bowl

Skill      XL: |  1  2  3  4 |
---------------+-------------+-----
Stealth        | 2 |  2.5
Fighting       | 4 |  4.4
Axes           | 5 |  5.7
Dodging        | 3 |  3.0

Action                   |  1- 3 |  4- 6 || total
-------------------------+-------+-------++-------
Melee: Hand axe          |   118 |   138 ||   256
  Use: Potion            |       |     2 ||     2
 Stab: Sleeping          |     3 |       ||     3
Armor: Robe              |    26 |    38 ||    64
       Skin              |       |     2 ||     2
Dodge: Dodged            |   106 |    93 ||   199
